 Dungeon Crawl Stone Soup version bcrawl-1.19 (webtiles) character file.

Game seed: 13715076474464770184

1492419 Artagas the Slayer (level 27, 295/295 HPs)
             Began as a Sand Dwarf Abyssal Knight on Nov 11, 2019.
             Was an Elder of Lugonu.
             Escaped with the Orb
             ... and 3 runes on Nov 13, 2019!
             The game lasted 05:20:35 (95060 turns).

Artagas the Slayer (Sand Dwarf Abyssal Knight)     Turns: 95060, Time: 05:20:35

Health: 295/295    AC: 50    Str: 21    XL:     27
Magic:  43/43      EV: 20    Int: 24    God:    Lugonu [****..]
Gold:   166        SH:  9    Dex: 14    Spells: 1/58 levels left

rFire    + . .     SeeInvis +   a - +9 demon whip (drain)
rCold    + . .     Gourm    .   P - +3 buckler {AC+3}
rNeg     . . .     Faith    .   O - +10 plate armour {MR+}
rPois    .         Spirit   .   X - +3 crown of Dyrovepreva {rElec Int+2 SInv}
rElec    +         Reflect  .   c - +1 cloak of Starlight {rElec rC+ EV+4 Stlth--}
rCorr    .         Harm     .   p - +0 pair of fencer's gloves {Riposte Dex+6}
MR       ++++.                  S - +2 pair of boots {run}
Stlth    ..........             B - amulet "Tuimasai" {RegenMP rElec}
HPRegen  0.59/turn              t - ring of Robustness {AC+8}
MPRegen  0.53/turn              f - ring of protection from fire

@: very slightly contaminated, invisible (expiring), deflect missiles
A: small, horns 1, clumsy 1, deterioration 1, robust 1, slowness 1, inhibited
regeneration, armour attunement
0: Orb of Zot
}: 3/15 runes: serpentine, barnacled, abyssal
a: Depart the Abyss, Bend Space, Banish, Corrupt, Renounce Religion


You escaped.
You worshipped Lugonu.
Lugonu was greatly pleased with you.
You were full.

You visited 9 branches of the dungeon, and saw 40 of its levels.
You visited the Abyss 3 times.
You visited 1 ziggurat, and saw 11 of its levels.
You also visited: Ossuary and Wizlab.

You collected 6768 gold pieces.
You spent 6602 gold pieces at shops.

Inventory:

Hand Weapons
 a - a +9 demon whip of draining (weapon)
   (You acquired it in the Orcish Mines)
 W - the +8 falchion of the Real Monster {flame, *Corrode Int+10}
   (You found it on level 11 of a ziggurat)

   It has been specially enchanted to burn those struck by it, causing extra
   injury to most foes and up to half again as much damage against particularly
   susceptible opponents.
   Big, fiery blades are also staple armaments of hydra-hunters.
   It affects your intelligence (+10).
   It may corrode you when you take damage.
Missiles
 r - 9 throwing nets (quivered) {!f}
Armour
 c - the +1 cloak of Starlight (worn) {rElec rC+ EV+4 Stlth--}
   (You found it on level 3 of the Elven Halls)

   It affects your evasion (+4).
   It protects you from cold.
   It insulates you from electricity.
   It makes you much less stealthy.
 p - the +0 pair of fencer's gloves (worn) {Riposte Dex+6}
   (You found it on level 3 of the Elven Halls)

   It affects your dexterity (+6).
 O - a +10 plate armour of magic resistance (worn)
   (You took it off a vault guard on level 1 of the Vaults)
 P - a +3 buckler of protection (worn)
   (You found it on level 9 of a ziggurat)
 S - a +2 pair of boots of running (worn)
   (Lugonu gifted it to you on level 2 of the Vaults)
 X - the +3 crown of Dyrovepreva (worn) {rElec Int+2 SInv}
   (You found it on level 3 of the Snake Pit)

   It affects your intelligence (+2).
   It insulates you from electricity.
   It lets you see invisible.
Jewellery
 f - a ring of protection from fire (right hand)
   (You found it on level 2 of the Dungeon)
 i - the ring "Huhaal Nia" {rN+ MR+ AC+4 Dex-3}
   (You found it on level 1 of the Depths)

   [ring of protection]

   It affects your AC (+4).
   It affects your dexterity (-3).
   It protects you from negative energy.
   It affects your resistance to hostile enchantments.
 o - the ring of Haehociwk {rC+ rN+ Str+4 Dex+2}
   (You found it on level 1 of the Depths)

   [ring of protection from cold]

   It affects your strength (+4).
   It affects your dexterity (+2).
   It protects you from cold.
   It protects you from negative energy.
 t - the ring of Robustness (left hand) {AC+8}
   (You found it on level 3 of the Shoals)

   [ring of protection]

   It affects your AC (+8).
 B - the amulet "Tuimasai" (around neck) {RegenMP rElec}
   (You found it on level 3 of the Shoals)

   [amulet of magic regeneration]

   It increases your magic regeneration.
   It insulates you from electricity.
 G - a +6 ring of slaying
   (You took it off a yaktaur captain on level 4 of the Depths)
 J - an uncursed amulet of rage
   (You found it on level 11 of a ziggurat)
 V - a ring of the Octopus King {Wiz AC+1 EV+1 Str+1 Int+1 Dex+1}
   (You found it on level 3 of the Elven Halls)

   [ring of wizardry]

   It improves your spell success rate.
   It affects your AC (+1).
   It affects your evasion (+1).
   It affects your strength (+1).
   It affects your intelligence (+1).
   It affects your dexterity (+1).
Wands
 u - a wand of disintegration (59)
   (You found it on level 6 of the Dungeon)
 v - a wand of digging (3)
   (You found it on level 1 of the Lair of Beasts)
 x - a wand of paralysis (25)
   (You found it on level 3 of the Dungeon)
 C - a wand of iceblast (13)
   (You found it on level 2 of the Shoals)
 D - a wand of enslavement (8)
   (You found it on level 3 of the Depths)
 F - a wand of acid (3)
   (You took it off Bai Suzhen on level 3 of the Elven Halls)
 H - a wand of scattershot (9)
   (You found it on level 12 of the Dungeon)
 L - a wand of clouds (5)
   (You found it on level 3 of the Snake Pit)
Scrolls
 l - 6 scrolls of fog
 m - 4 scrolls of vulnerability
 y - 16 scrolls of remove curse
 z - 4 scrolls of blinking
 E - 5 scrolls of immolation
 K - 4 scrolls of fear
 Q - 18 scrolls of teleportation
Potions
 b - 2 potions of cancellation
 g - a potion of magic
 h - a potion of haste
 j - 6 potions of brilliance
 q - 2 potions of curing
 s - a potion of agility
 A - 3 potions of invisibility
 I - a potion of mutation
 R - 2 potions of ambrosia
 Z - 5 potions of flight
Miscellaneous
 k - a lightning rod (4/4)
   (You found it on level 2 of the Vaults)
 M - 7 phantom mirrors
 U - a lamp of fire
   (You found it on level 11 of the Dungeon)
Comestibles
 e - 6 rations {!d}


   Skills:
 + Level 26.1 Fighting
 - Level 14.1 Maces & Flails
 - Level 17.0 Armour
 - Level 12.0 Dodging
 - Level 6.0 Shields
 - Level 16.0 Spellcasting
 - Level 6.0 Conjurations
 - Level 10.0 Charms
 - Level 6.0 Summonings
 - Level 11.0 Necromancy
 - Level 2.0 Transmutations
 - Level 21.0 Fire Magic
 - Level 6.0 Air Magic
 - Level 17.0 Earth Magic
 - Level 11.0 Invocations
 - Level 14.0 Evocations


You had one spell level left.
You knew the following spells:

 Your Spells              Type           Power        Failure   Level  Hunger
a - Iron Shot             Conj/Erth      ######....   3%          6    ####...
b - Borgnjor's Vile Clut  Necr/Erth      ######....   1%          6    ####...
c - Animate Dead          Necr           N/A          1%          4    None
d - Ignition              Fire           #######...   3%          8    #######
e - Song of Slaying       Chrm           ######..     1%          2    None
f - Infusion              Chrm           ######..     1%          1    None
g - Regeneration          Chrm/Necr      ######....   1%          3    None
h - Death Channel         Chrm/Necr      ######....   6%          6    ####...
i - Swiftness             Chrm/Air       ######..     1%          2    None
j - Steam Barrier         Chrm/Fire      #######...   1%          6    ####...
k - Aura of Abjuration    Summ           #####.....   7%          5    #......
m - Deflect Missiles      Chrm/Air       ######....   16%         6    ####...
w - Passwall              Tmut/Erth      ######..     1%          2    None

Your spell library contained the following spells:

 Spells                   Type           Power        Failure   Level  Hunger
 Flame Tongue             Conj/Fire      #####        0%          1    None
 Sandblast                Erth           ######       0%          1    None
 Apportation              Tloc           ###...       1%          1    None
 Beastly Appendage        Tmut           ####..       1%          1    None
 Blink Other              Tloc           ###...       1%          1    None
 Magic Dart               Conj           ####         1%          1    None
 Shock                    Conj/Air       #####        1%          1    None
 Sting                    Conj/Pois      ####         1%          1    None
 Summon Butterflies       Summ           #####...     1%          1    None
 Corona                   Hex            ###....      2%          1    None
 Freeze                   Ice            ###...       2%          1    None
 Slow                     Hex            ###.....     2%          1    None
 Flaming Arrows           Chrm/Fire      #######.     0%          2    None
 Blink                    Tloc           N/A          1%          2    None
 Call Imp                 Summ           #####.       1%          2    None
 Poisonous Vapours        Pois/Air       ####..       1%          2    None
 Sticks to Snakes         Tmut           ####....     1%          2    None
 Throw Frost              Conj/Ice       ####..       1%          2    None
 Call Canine Familiar     Summ           #####...     1%          3    None
 Conjure Flame            Conj/Fire      ######..     1%          3    None
 Inner Flame              Hex/Fire       N/A          1%          3    None
 Iskenderun's Mystic Bla  Conj           #####...     1%          3    None
 Leda's Liquefaction      Hex/Erth       ######....   1%          3    None
 Mephitic Cloud           Conj/Pois/Air  #####...     1%          3    None
 Ozocubu's Armour         Chrm/Ice       #####...     1%          3    None
 Recall                   Summ/Tloc      N/A          1%          3    None
 Spectral Weapon          Hex/Chrm       #####...     1%          3    None
 Static Discharge         Air            #####...     1%          3    None
 Stone Arrow              Conj/Erth      ######       1%          3    None
 Petrify                  Tmut/Erth      ######..     1%          4    None
 Sticky Flame             Conj/Fire      ######..     1%          4    None
 Bolt of Magma            Conj/Fire/Erth ######....   1%          5    #......
 Fireball                 Conj/Fire      ######....   1%          5    #......
 Lee's Rapid Deconstruct  Erth           #######...   1%          5    #......
 Piercing Shot            Chrm           ######....   1%          5    #......
 Bolt of Fire             Conj/Fire      ######....   1%          6    ####...
 Dazzling Spray           Conj/Hex       ####..       2%          3    None
 False Image              Hex/Summ       ####....     2%          3    None
 Portal Projectile        Tloc           ###...       2%          3    None
 Teleport Other           Tloc           ###.....     2%          3    None
 Airstrike                Air            #####.....   2%          4    None
 Iskenderun's Battlesphe  Conj/Chrm      ######..     3%          5    #......
 Ensorcelled Hibernation  Hex/Ice        ###...       4%          2    None
 Shackle                  Hex            ###.....     4%          2    None
 Spider Form              Tmut/Pois      ###          5%          3    None
 Summon Forest            Summ/Tloc      ####......   6%          5    #......
 Lightning Bolt           Conj/Air       #####.....   7%          5    #......
 Summon Demon             Summ           #####.....   7%          5    #......
 Summon Lightning Spire   Summ/Air       #####...     7%          5    #......
 Confuse                  Hex            ###.....     9%          3    None
 Tukima's Dance           Hex            ###.....     9%          3    None
 Summon Ice Beast         Ice/Summ       ####....     9%          4    None
 Throw Icicle             Conj/Ice       ####....     9%          4    None
 Statue Form              Tmut/Erth      ######...    9%          6    ####...
 Ice Form                 Ice/Tmut       ###.....     19%         4    None
 Yara's Violent Unravell  Hex/Tmut       ###.......   19%         4    None
 Silence                  Hex/Air        ####......   22%         5    #......
 Summon Mana Viper        Hex/Summ       ####....     22%         5    #......
 Cause Fear               Hex            ###.......   28%         4    None
 Conjure Ball Lightning   Conj/Air       #####.....   36%         6    ####...
 Shadow Creatures         Summ           N/A          36%         6    ####...
 Summon Hydra             Summ           #####.....   36%         6    ####...
 Simulacrum               Ice/Necr       #####.....   41%         6    ####...
 Haunt                    Necr/Summ      ######....   58%         7    ######.
 Metabolic Englaciation   Hex/Ice        ###.......   61%         5    #......
 Freezing Cloud           Ice/Air        ####......   77%         6    ####...
 Lehudib's Crystal Spear  Conj/Erth      ######....   86%         8    #######
 Monstrous Menagerie      Summ           #####.....   90%         7    ######.
 Borgnjor's Revivificati  Necr           ######....   90%         8    #######
 Shatter                  Erth           #######...   95%         9    #######
 Infestation              Hex/Tmut/Pois  ###......    97%         6    ####...
 Darkness                 Hex            ###.......   99%         6    ####...
 Invisibility             Hex            ###.....     99%         6    ####...
 Ozocubu's Refrigeration  Ice            ###.......   99%         6    ####...
 Dragon Form              Tmut           ####...      100%        7    ######.
 Icicle Burst             Conj/Ice       ####......   100%        7    ######.
 Chain Lightning          Conj/Air       #####.....   100%        8    #######
 Discord                  Hex            ###.......   100%        8    #######
 Glaciate                 Conj/Ice/Air   #####.....   100%        8    #######
 Necromutation            Tmut/Necr      ######..     100%        8    #######
 Dragon's Call            Summ           #####.....   100%        9    #######
 Fire Storm               Conj/Fire      ######....   100%        9    #######
 Tornado                  Air            #####.....   100%        9    #######
 Passage of Golubria      Tloc           Unusable     N/A         5    N/A

Dungeon Overview and Level Annotations

Branches:
Dungeon (12/12)            Temple (0/1) D:4            Lair (6/6) D:7
 Shoals (3/3) Lair:4        Snake (3/3) Lair:4        Slime (0/5) Lair:5
    Orc (1/1) D:10            Elf (3/3) Orc          Vaults (2/3) D:12
  Crypt (0/2) Vaults:2     Depths (5/5) D:12            Zot (5/5) Depths:5

Altars:
Elyvilon
Gozag
Hepliaklqana
Kikubaaqudgha
Okawaru
Uskayaw
Xom
The Shining One
Jiyva

Shops:
D:5 :   D:6 !   D:7 (   D:9 *   Orc ?*[:(   Elf:2 }   Elf:3 [   Snake:1 *
Snake:2 =   Snake:3 [(!:[   Vaults:2 =   Depths:1 }==   Depths:3 ?

Portals:
Hell: Depths:1 Depths:2 Depths:3 Depths:4 Depths:5
Abyss: Depths:4
Pandemonium: Depths:1 Depths:3

Annotations:
D:11 2 transporters, Faust's ghost, novice FrWz
Lair:6 corrupted Orc 3 runed translucent doors, Ratty's ghost, journeyman MiAc
Zot:2 exclusion: downstairs
Zot:3 corrupted, Uneer's ghost, legendary GnFE
Zot:5 corrupted
Abyss:1 Azrael; Harold


Innate Abilities, Weirdness & Mutations

You are small and have problems with some larger weapons.
You cover ground slowly.
Armour does not affect your spellcasting.
You have a pair of small horns on your head.
You are clumsy. (Dex -2)
Your body sometimes deteriorates upon taking damage.
You are robust. (+10% HP)
You do not regenerate when monsters are visible.


Message History

(Z) Zot
Where to? (Enter - D:11 @ (x,y), ? - help)
What level of the Dungeon? (default 1, ? - help) Magic restored.
There is a stone staircase leading down here.
Your skin is crawling a little less now.
Things that are here:
a +0 troll leather armour; a +0 robe; a +0 dagger Your skin stops crawling.
Things that are here:
a +1 plate armour of cold resistance; a +3 great sword
Things that are here:
a +0 chain mail; a +1 great mace A red devil and a pandemonium lord come into view.
Cosmey roars, "Thy lungs shall be my snackling!"
Cosmey gestures.
You resist with almost no effort.
Press: ? - help, v - describe, . - travel
Here: Cosmey, armed with a chaotic touch (fire blocked by an orcish idol)
The floor.
A Hell Sentinel comes into view.
The Hell Sentinel roars!
Cosmey gestures.
You resist with almost no effort.
There is a stone staircase leading up here.
You climb upwards.
There is a stone staircase leading down here.
There is a stone staircase leading up here.
You climb upwards.
There is a stone staircase leading down here.
(D) Dungeon (T) Temple (L) Lair (A) Shoals (P) Snake Pit (M) Slime Pits (O) Orcish Mines (E) Elven Halls (V) Vaults (C) Crypt (U) Depths (H) Hell (Z) Zot
Where to? (Enter - D:1 @ (x,y), ? - help)
What level of the Dungeon? (default 1, ? - help) HP restored.
There is an open door here.
A soul eater comes into view.
There is a stone staircase leading up here.
You climb upwards.
There is a stone staircase leading down here.
(D) Dungeon (T) Temple (L) Lair (A) Shoals (P) Snake Pit (M) Slime Pits (O) Orcish Mines (E) Elven Halls (V) Vaults (C) Crypt (U) Depths (H) Hell (Z) Zot
Where to? (Enter - D:1 @ (x,y), ? - help)
What level of the Dungeon? (default 1, ? - help)
There is a stone staircase leading up here.
You climb upwards.
There is a stone staircase leading down here.
You see here a +1 short sword of holy wrath.
Things that are here:
a +0 robe; a +0 dagger
There is a stone staircase leading up here.
You climb upwards.
There is a stone staircase leading down here.
There is a stone staircase leading up here.
You climb upwards.
There is a stone staircase leading down here.
A green death comes into view.
The green death gestures at you. You deflect the poison arrow!
There is a stone staircase leading up here.
The green death gestures at you. The poison arrow misses you.
You climb upwards.
There is a stone staircase leading down here.
(D) Dungeon (T) Temple (L) Lair (A) Shoals (P) Snake Pit (M) Slime Pits (O) Orcish Mines (E) Elven Halls (V) Vaults (C) Crypt (U) Depths (H) Hell (Z) Zot
Where to? (Enter - D:1 @ (x,y), ? - help)
What level of the Dungeon? (default 1, ? - help)
A green death comes into view.
There is a stone staircase leading down here.
An Executioner and 2 large abominations come into view.
A large abomination comes into view.
There is a stone staircase leading up here.
The Executioner gestures.
The Executioner seems to speed up.
You climb upwards.
There is a stone staircase leading down here.
A tormentor comes into view.
You fade into invisibility!
You are very lightly contaminated with residual magic.
Casting: Regeneration (safe; 1% risk of failure)
Confirm with . or Enter, or press ? or * to list all spells.
Aiming: Passwall (safe; 1% risk of failure)
Press: ? - help, Dir - move target cursor A rock wall.
This square is covered in magical glow.
You begin to meditate on the wall.
You continue meditating on the rock. x2
You finish merging with the rock.
Magic restored.
You climb upwards.
There is a stone staircase leading down here.
You flicker for a moment.
There is a staircase leading out of the dungeon here.
You have escaped!

#.##########.###############.
#.#..#.............#..# #.
#.#.#...............#.# #.
#.##.......#.#.......## #.
#.#......#.#.#.#......# #.
#.#.....##.#.#.##.....# #.
#.#.......⌠#.#⌠.......# #.
#.#..#######.#######..### #.
#........)..@...........####.
##
#.#..#######.#######..#......
.#
#.#.......⌠#.#⌠.......######.
.# #.#.....##.#.#.##.....# #.
.# #.#......#.#.#.#......# #.
.# #.##.......#.#.......## #.
.####.#.#.........).....#.#
#.
.'....#..#.............#..#
#.
.####.##########.##########
#.


There were no monsters in sight!

Vanquished Creatures
  5 orbs of fire
  8 ancient liches
  Sojobo (Depths:4)
  11 golden dragons
  Bai Suzhen (Elf:3)
  4 Killer Klowns
  5 curse toes
  3 caustic shrikes
  Gastronok (Lair:2)
  The ghost of Zonian the Slayer, an adept HOFi of Beogh (Vaults:2)
  6 electric golems
  2 Orb Demons
  18 Orb Guardians
  15 tentacled monstrosities
  3 liches
  Jorgrun (Elf:1)
  3 deep elf blademasters
  2 deep elf master archers (Elf:3)
  Polyphemus (Shoals:3)
  7 death cobs
  3 quicksilver dragons
  4 tengu reavers
  10 sphinxes
  Frances (Shoals:1)
  12 storm dragons
  Roxanne (Elf:1)
  20 nagarajas
  Donald (Vaults:1)
  9 draconian monks
  5 shadow dragons
  A frost giant (shapeshifter) (Depths:4)
  A balrug (Abyss:3)
  An azure jelly (shapeshifter) (Zig:7)
  An iron dragon (Depths:4)
  5 draconian knights
  6 frost giants
  2 ghost moths
  8 fire giants
  5 deep elf sorcerers
  7 vault wardens
  A draconian scorcher (Zig:11)
  5 deep elf elementalists
  8 ironheart preservers
  3 draconian stormcallers
  3 orc warlords
  2 reapers
  2 draconian shifters
  10 draconian annihilators
  4 war gargoyles
  17 stone giants
  9 very ugly things
  2 vampire knights (Depths:2)
  6 deep elf demonologists
  6 green draconians
  5 white draconians
  5 deep elf annihilators
  5 red draconians
  6 yellow draconians
  7 black draconians
  4 spark wasps (Depths:1)
  5 deep elf death magi
  The ghost of PainCeiling the Fighter, a journeyman DjSk of Qazlal (Lair:4)
  The ghost of Ruewk the Archer, a journeyman CeAM of Okawaru (Lair:5)
  10 purple draconians
  An ettin (shapeshifter) (Elf:2)
  An eidolon (Abyss:2)
  7 ettins
  8 merfolk javelineers
  A blizzard demon (Zig:8)
  A green death (Zot:5)
  2 crystal guardians (WizLab)
  4 merfolk impalers
  11 fire dragons
  8 yaktaur captains
  A deep elf high priest (Elf:3)
  2 vault guards (Vaults:1)
  Psyche (D:8)
  14 hydras
  11 ice dragons
  6 great orbs of eyes
  6 rakshasas
  A hell beast (Depths:4)
  A catoblepas (Shoals:3)
  13 naga warriors
  A spriggan air mage (Depths:5)
  A juggernaut simulacrum (Depths:2)
  8 anacondas
  A death knight (Vaults:2)
  10 centaur warriors
  An alligator snapping turtle (Shoals:3)
  6 merfolk aquamancers
  An alligator snapping turtle (shapeshifter) (Zig:7)
  13 two-headed ogres
  A two-headed ogre (shapeshifter) (Depths:3)
  10 tengu warriors
  11 ogre magi
  4 satyrs
  30 dancing weapons
  3 death yaks (Shoals:3)
  3 spriggan berserkers
  4 deep troll shamans
  4 deep troll earth magi
  8 shock serpents
  13 naga sharpshooters
  3 iron golems (WizLab)
  20 deep elf knights
  A vampire mage (Depths:1)
  A titan zombie (Zig:8)
  3 orc high priests
  A sun demon (Zot:5)
  An iron troll (Zig:6)
  2 salamander mystics
  A hell knight (Depths:1)
  10 skeletal warriors
  A storm dragon skeleton (Vaults:2)
  2 sixfirhies
  A shadow wraith (Vaults:2)
  3 glowing orange brains
  10 deep trolls
  13 sea snakes
  An unseen horror (D:12)
  2 flayed ghosts
  3 wizards
  5 naga ritualists
  12 ironbrand convokers
  A phantasmal warrior (Vaults:1)
  18 deep elf archers
  5 starcursed masses (Abyss:3)
  2 orange crystal statues (Abyss:3)
  6 cyclopes
  11 mana vipers
  13 ugly things
  An iron dragon zombie (Zig:8)
  2 orb spiders (Zig:2)
  6 orc sorcerers
  4 necromancers
  A tengu skeleton (Vaults:2)
  A fire giant zombie (Depths:2)
  12 harpies
  A lindwurm (shapeshifter) (Elf:3)
  6 fauns
  56 deep elf magi
  7 orc knights
  A worldbinder (Abyss:3)
  15 manticores
  An iron dragon skeleton (Zig:8)
  2 stone giant zombies (Depths:2)
  10 merfolk sirens
  16 moths of wrath
  2 rust devils
  32 black mambas
  24 naga magi
  A fire giant skeleton (Vaults:2)
  An apocalypse crab (Zig:7)
  9 guardian serpents
  4 water nymphs (Shoals:3)
  An eye of devastation (shapeshifter) (Zig:5)
  2 stone giant skeletons
  2 elephants
  14 salamanders
  6 gargoyles
  2 frost giant skeletons
  6 vault sentinels
  4 cane toads
  A spriggan skeleton (Depths:4)
  A rime drake (Lair:6)
  22 yaktaurs
  An ancient zyme (Abyss:3)
  2 efreet
  4 freezing wraiths
  8 komodo dragons
  2 ice devils
  A tormentor (Depths:3)
  A demonic crawler (Zot:4)
  A red devil (Depths:4)
  4 tengu conjurers
  A harpy zombie (D:11)
  4 polar bears
  3 yaktaur skeletons (Vaults:2)
  22 merfolk
  12 trolls
  A wind drake (shapeshifter) (Vaults:2)
  A shadow dragon simulacrum (Depths:4)
  A queen bee (Lair:2)
  A jumping spider (Zig:2)
  A meliai (shapeshifter) (Depths:1)
  A spriggan zombie (Zig:8)
  4 hornets
  4 wind drakes (Shoals:3)
  18 blink frogs
  14 raiju
  Grinder (D:6)
  5 snapping turtles
  23 slime creatures
  A stone giant simulacrum (Zig:4)
  5 dream sheep
  12 hippogriffs
  A fire giant simulacrum (Vaults:2)
  2 wraiths (Vaults:1)
  7 air elementals
  A redback (shapeshifter) (Depths:1)
  A redback (Zig:2)
  A tarantella (shapeshifter) (Elf:3)
  12 spriggans
  15 water elementals
  A wyvern (Lair:3)
  An ettin skeleton (Vaults:2)
  A ynoxinul (Abyss:1)
  4 fire elementals
  44 yaks
  3 basilisks
  6 neqoxecs
  2 hungry ghosts
  A human (shapeshifter) (Zig:5)
  3 chaos spawn
  Edmund (D:5)
  An acid dragon (Lair:3)
  42 nagas
  6 soldier ants
  A swamp worm (shapeshifter) (Zig:7)
  8 wargs
  A floating eye (shapeshifter) (Zig:3)
  10 water moccasins
  Duvessa (D:7)
  4 hell hounds
  A deep troll skeleton (Vaults:2)
  5 porcupines
  A small abomination (Abyss:2)
  39 orc warriors
  3 ice beasts
  A sky beast (D:12)
  2 black bears (Lair:6)
  An eye of draining (shapeshifter) (D:12)
  A black bear (shapeshifter) (Depths:1)
  6 boggarts
  26 ogres
  22 wolves
  4 centaurs
  7 crocodiles
  5 big kobolds
  An elf zombie (D:5)
  11 bullfrogs
  6 earth elementals
  Dowan (D:7)
  2 gnoll sergeants
  A wyvern skeleton (D:9)
  3 scorpions
  37 killer bees
  4 wights (D:6)
  2 howler monkeys
  2 crimson imps
  4 bullfrog zombies
  3 centaur zombies
  5 human zombies
  15 orc priests
  9 hounds
  A jelly (D:5)
  A gnoll shaman (Orc)
  3 bullfrog skeletons
  3 centaur skeletons
  15 orc wizards
  5 human skeletons
  3 iguanas
  15 worker ants
  4 hell rats (Lair:3)
  A hound zombie (D:5)
  2 mummies (Ossuary)
  A worker ant zombie (D:5)
  A howler monkey zombie (D:5)
  11 adders
  18 gnolls
  A howler monkey skeleton (D:6)
  A shadow imp (D:9)
  2 white imps
  An adder zombie (Ossuary)
  6 worms (D:2)
  3 dart slugs
  A leopard gecko (D:1)
  66 orcs
  2 ball pythons
  2 giant cockroaches
  17 hobgoblins
  4 jackals
  2 quokkas
  2 bats (D:1)
  11 frilled lizards
  6 goblins
  2 goblin zombies (Ossuary)
  6 hobgoblin zombies (Ossuary)
  24 kobolds
  A kobold zombie (Ossuary)
  3 orc skeletons (D:5)
  3 orc zombies (D:5)
  A quokka skeleton (D:4)
  A quokka zombie (Ossuary)
  8 rats
  5 rat zombies (Ossuary)
  A butterfly (Lair:4)
1825 creatures vanquished.

Vanquished Creatures (collateral kills)
  2 orbs of fire (Zot:5)
  An Orb Demon (Zot:3)
  3 Orb Guardians (Zot:5)
  A titan (Depths:5)
  A death cob (Zot:1)
  A storm dragon (Depths:5)
  A fire giant (Depths:5)
  A frost giant (Shoals:3)
  A draconian scorcher (Zot:3)
  A draconian shifter (Depths:5)
  3 stone giants
  A draconian stormcaller (Depths:5)
  2 green draconians
  A deep elf annihilator (Elf:3)
  A black draconian (Zot:3)
  A yellow draconian (Depths:5)
  3 spark wasps (Depths:5)
  2 merfolk impalers (Shoals:3)
  An ettin (Depths:5)
  A yaktaur captain (Depths:5)
  An ice dragon (Depths:1)
  A great orb of eyes (Depths:5)
  A catoblepas (Zot:3)
  A vault guard (Vaults:1)
  2 anacondas
  2 naga warriors (Snake:3)
  2 two-headed ogres (Vaults:1)
  A deep troll shaman (Vaults:1)
  A tengu warrior (Depths:5)
  2 deep troll earth magi (Depths:5)
  An ogre mage (Vaults:1)
  A glowing orange brain (Abyss:3)
  A salamander mystic (Snake:3)
  5 deep trolls
  A naga ritualist (Snake:3)
  A torturous demonspawn (Depths:3)
  2 mana vipers (Snake:3)
  4 harpies (Vaults:1)
  An orc sorcerer (Vaults:1)
  A manticore (Shoals:3)
  5 black mambas
  A merfolk siren (Shoals:3)
  A naga mage (Snake:3)
  2 guardian serpents (Snake:3)
  A vault sentinel (Vaults:1)
  4 yaktaurs
  2 merfolk
  2 slime creatures
  2 raiju (Depths:2)
  A water elemental (Depths:2)
  5 nagas
  4 ogres (Vaults:1)
91 creatures vanquished.

Vanquished Creatures (others)
  An orb of fire (Zot:5)
  A pandemonium lord (Zig:1)
  2 Orb Guardians (Zot:5)
  A death cob (Zot:2)
  A storm dragon (Zot:5)
  An orc warlord (Orc)
  A black draconian (Zot:5)
  A purple draconian (Zot:3)
  An ettin (D:12)
  A queen ant (Lair:3)
  A spriggan rider (Lair:6)
  4 spriggans (Lair:6)
  A deep elf archer (Elf:2)
  A cyclops (D:9)
  An orc knight (Orc)
  2 moths of wrath
  A black mamba (Zig:10)
  A cane toad (Lair:2)
  A polar bear (Lair:6)
  A hornet (Lair:6)
  A dream sheep (Lair:6)
  A naga (Snake:3)
  2 boggarts (Lair:6)
  2 wolves (Lair:6)
  A bullfrog (D:10)
  A killer bee (Lair:2)
  A mummy (Ossuary)
  2 bushes (Lair:2)
  36 fungi
  25 plants
  4 starspawn tentacles
  4 withered plants
105 creatures vanquished.

Grand Total: 2021 creatures vanquished

Notes
Turn   | Place    | Note
-------+----------+-------------------------------------------
     0 | Abyss:1  | Artagas the Sand Dwarf Abyssal Knight began the quest for
                  | the Orb.
     0 | Abyss:1  | Reached XP level 1. HP: 19/19 MP: 2/2
     0 | D:1      | Escaped the Abyss
   412 | D:1      | Reached skill level 4 in Fighting
   412 | D:1      | Reached XP level 2. HP: 16/27 MP: 3/3
   552 | D:1      | Reached * piety under Lugonu
  1024 | D:1      | Reached skill level 4 in Maces & Flails
  2105 | D:2      | Reached XP level 3. HP: 33/33 MP: 4/4
  2238 | D:2      | Reached skill level 5 in Maces & Flails
  2545 | D:2      | Reached ** piety under Lugonu
  2699 | D:2      | Reached XP level 4. HP: 40/40 MP: 5/5
  2991 | D:2      | Reached skill level 6 in Maces & Flails
  3642 | D:3      | Reached skill level 7 in Maces & Flails
  3642 | D:3      | Reached XP level 5. HP: 41/46 MP: 6/6
  4208 | D:4      | Reached skill level 2 in Invocations
  4466 | D:4      | Reached XP level 6. HP: 22/52 MP: 4/8
  4911 | D:4      | Reached skill level 8 in Maces & Flails
  5127 | D:4      | Found a staircase to the Ecumenical Temple.
  5254 | D:4      | Reached skill level 3 in Invocations
  5343 | D:4      | Reached skill level 3 in Armour
  5374 | D:4      | Found a shimmering altar of Xom.
  5374 | D:4      | Found an ancient bone altar of Kikubaaqudgha.
  5630 | D:4      | Upgraded the game from bcrawl-1.18.1 to bcrawl-1.19
  5633 | D:5      | Entered Level 5 of the Dungeon
  5683 | D:5      | Reached skill level 5 in Fighting
  5683 | D:5      | Reached XP level 7. HP: 50/61 MP: 7/9
  5744 | D:5      | Reached skill level 4 in Armour
  5909 | D:5      | Reached *** piety under Lugonu
  5941 | D:5      | Found a sand-covered staircase.
  5946 | Ossuary  | Entered an ossuary
  6287 | D:5      | Noticed a hungry ghost
  6499 | D:5      | Reached skill level 6 in Fighting
  6515 | D:5      | Reached skill level 9 in Maces & Flails
  6515 | D:5      | Reached skill level 4 in Invocations
  6515 | D:5      | Reached XP level 8. HP: 30/70 MP: 6/11
  6706 | D:5      | Reached skill level 5 in Invocations
  6843 | D:5      | Found Uhilimi's Book Emporium.
  6944 | D:5      | Noticed Edmund
  6952 | D:5      | Killed Edmund
  7208 | D:5      | Reached **** piety under Lugonu
  7208 | D:5      | Reached skill level 10 in Maces & Flails
  7293 | D:6      | Reached skill level 7 in Fighting
  7470 | D:6      | Reached XP level 9. HP: 79/79 MP: 11/13
  7546 | D:6      | Reached skill level 5 in Armour
  7573 | D:6      | Noticed Grinder
  7593 | D:6      | Killed Grinder
  7690 | D:6      | Found Vyniyt's Distillery.
  7704 | D:6      | Reached skill level 8 in Fighting
  7711 | D:6      | Bought a potion of haste for 130 gold pieces
  7711 | D:6      | Bought a potion of curing for 39 gold pieces
  7711 | D:6      | Bought a potion of might for 52 gold pieces
  8537 | D:7      | Reached skill level 11 in Maces & Flails
  8537 | D:7      | Reached skill level 6 in Armour
  8553 | D:7      | Reached skill level 6 in Invocations
  8559 | D:7      | Received a gift from Lugonu
  8660 | D:7      | Found Gaduzoz's Weapon Emporium.
  8805 | D:7      | Found a hazy altar of Hepliaklqana.
  8975 | D:7      | Noticed Duvessa
  8976 | D:7      | Noticed Dowan
  8986 | D:7      | Killed Duvessa
  8990 | D:7      | Killed Dowan
  9043 | D:7      | Found a staircase to the Lair.
  9044 | D:7      | Noticed a komodo dragon
  9266 | D:7      | Reached skill level 12 in Maces & Flails
  9795 | D:5      | Bought a book of Geomancy for 420 gold pieces
  9797 | D:5      | Learned a level 1 spell: Sandblast
  9894 | D:8      | Noticed a troll
  9900 | D:8      | Killed a troll
  9900 | D:8      | Reached skill level 1 in Spellcasting
  9900 | D:8      | Reached skill level 1 in Earth Magic
  9900 | D:8      | Reached skill level 7 in Invocations
  9900 | D:8      | Reached XP level 10. HP: 77/88 MP: 11/15
  9907 | D:8      | Reached skill level 2 in Earth Magic
  9994 | D:8      | Noticed Psyche
 10006 | D:8      | Killed Psyche
 10006 | D:8      | Reached skill level 3 in Spellcasting
 10006 | D:8      | Reached skill level 4 in Earth Magic
 10640 | D:8      | Reached skill level 5 in Earth Magic
 11262 | D:9      | Found Cixirrea's Assorted Antiques.
 11270 | D:9      | Bought a scroll labeled NUAPTIU IHUECSUAPP for 35 gold
                  | pieces
 11270 | D:9      | Bought a scroll labeled KUWNEU NUKA for 35 gold pieces
 11465 | D:9      | Reached skill level 6 in Earth Magic
 11784 | D:9      | Noticed a cyclops
 11951 | D:9      | Reached skill level 4 in Spellcasting
 12245 | D:9      | Reached skill level 7 in Earth Magic
 12819 | D:9      | Banished a cyclops
 12819 | D:9      | Reached skill level 13 in Maces & Flails
 13001 | D:9      | Learned a level 5 spell: Lee's Rapid Deconstruction
 13106 | Lair:1   | Entered Level 1 of the Lair of Beasts
 13198 | Lair:1   | Reached XP level 11. HP: 76/94 MP: 14/17
 13478 | Lair:1   | Reached skill level 14 in Maces & Flails
 13717 | Lair:1   | Reached skill level 8 in Earth Magic
 14300 | Lair:1   | Received a gift from Lugonu
 14379 | Lair:1   | Noticed a seven-headed hydra
 14718 | Lair:1   | Banished a seven-headed hydra
 14718 | Lair:1   | Reached skill level 9 in Earth Magic
 15265 | Lair:1   | Reached skill level 10 in Earth Magic
 15669 | Lair:2   | Reached skill level 1 in Evocations
 15689 | Lair:2   | Reached skill level 2 in Evocations
 16058 | Lair:2   | Noticed Gastronok
 16270 | Lair:2   | Killed Gastronok
 16270 | Lair:2   | Reached skill level 10 in Fighting
 16270 | Lair:2   | Reached skill level 6 in Evocations
 16270 | Lair:2   | Reached XP level 12. HP: 95/106 MP: 4/18
 16494 | Lair:2   | Reached skill level 7 in Evocations
 16527 | Lair:2   | Reached skill level 1 in Dodging
 17119 | Lair:2   | Noticed Harold
 17157 | Lair:2   | Reached skill level 2 in Dodging
 17575 | Lair:2   | Learned a level 4 spell: Petrify
 17578 | Lair:2   | Learned a level 2 spell: Passwall
 17721 | Lair:2   | Received a gift from Lugonu
 17748 | Lair:2   | Reached skill level 7 in Armour
 18036 | Lair:2   | Reached skill level 1 in Transmutations
 18198 | Lair:2   | Banished Harold
 18259 | Lair:2   | Reached skill level 11 in Earth Magic
 18498 | Lair:2   | Reached skill level 3 in Dodging
 18741 | Lair:2   | Noticed a four-headed hydra
 18746 | Lair:2   | Killed a four-headed hydra
 18746 | Lair:2   | Reached skill level 1 in Shields
 18746 | Lair:2   | Reached skill level 2 in Transmutations
 19355 | Lair:2   | Reached skill level 5 in Spellcasting
 19434 | Lair:2   | Reached skill level 2 in Shields
 19661 | Lair:3   | Reached skill level 4 in Dodging
 19676 | Lair:3   | Reached skill level 3 in Shields
 20246 | Lair:3   | Reached skill level 4 in Shields
 20453 | Lair:3   | Reached skill level 5 in Shields
 20551 | Lair:3   | Reached XP level 13. HP: 90/114 MP: 8/20
 20762 | Lair:3   | Found an opulent altar of Gozag.
 20798 | Lair:3   | Reached skill level 11 in Fighting
 22001 | Lair:4   | Received a gift from Lugonu
 22272 | Lair:4   | Reached skill level 12 in Fighting
 22964 | Lair:4   | Received a gift from Lugonu
 23133 | Lair:4   | Found a staircase to the Snake Pit.
 23169 | Lair:4   | Found a runed translucent door.
 23173 | Lair:4   | Noticed PainCeiling's ghost (journeyman DjSk)
 23279 | Lair:4   | Found a staircase to the Shoals.
 23370 | Lair:4   | Received a gift from Lugonu
 24215 | Lair:5   | Found a runed translucent gate.
 24215 | Lair:5   | Found a runed translucent gate.
 24215 | Lair:5   | Found a runed translucent gate.
 24216 | Lair:5   | Noticed Ruewk's ghost (journeyman CeAM)
 24535 | Lair:5   | Reached skill level 8 in Armour
 24941 | Lair:5   | Reached skill level 6 in Shields
 25350 | Lair:5   | Found a viscous altar of Jiyva.
 25351 | Lair:5   | Found a staircase to the Slime Pits.
 25484 | Lair:6   | Entered Level 6 of the Lair of Beasts
 25512 | Lair:6   | Reached skill level 5 in Dodging
 26079 | Lair:6   | Reached skill level 9 in Armour
 26086 | Lair:6   | Received a gift from Lugonu
 26087 | Lair:6   | Got a twisted chain mail {god gift}
 26098 | Lair:6   | Identified the +2 chain mail of the Equator {SInv} (Lugonu
                  | gifted it to you on level 6 of the Lair of Beasts)
 26153 | Lair:6   | Reached skill level 6 in Dodging
 26731 | Lair:6   | Reached skill level 6 in Spellcasting
 26735 | Lair:6   | Corrupted Lair:6
 26735 | Lair:6   | Noticed a rakshasa
 26735 | Lair:6   | Noticed a tentacled starspawn
 26739 | Lair:6   | Noticed a tentacled starspawn
 26742 | Lair:6   | Noticed a rakshasa
 26963 | Lair:6   | Reached XP level 14. HP: 124/127 MP: 21/23
 27994 | Lair:6   | Reached skill level 13 in Fighting
 28212 | D:10     | Entered Level 10 of the Dungeon
 28606 | D:10     | Found a white marble altar of Elyvilon.
 28817 | D:10     | Reached skill level 7 in Spellcasting
 28863 | D:10     | Found a staircase to the Orcish Mines.
 28910 | D:10     | Noticed a cyan very ugly thing
 28915 | D:10     | Banished a cyan very ugly thing
 30178 | D:11     | Noticed a fire giant
 30178 | D:11     | Noticed a fire giant
 30180 | D:11     | Noticed Faust's ghost (novice FrWz)
 30198 | D:11     | Found a transporter.
 30234 | D:11     | Found a transporter.
 30677 | D:12     | Entered Level 12 of the Dungeon
 30722 | D:12     | Reached skill level 14 in Fighting
 30722 | D:12     | Reached skill level 8 in Spellcasting
 31238 | D:12     | Reached skill level 8 in Evocations
 31305 | D:12     | Received a gift from Lugonu
 31485 | D:12     | Identified the +3 lajatang of the Weasel {slice, MR+ Str+5
                  | Int+3}
 31698 | D:12     | Found a glowing golden altar of the Shining One.
 31861 | D:12     | Reached skill level 8 in Invocations
 31883 | D:12     | Reached skill level 9 in Evocations
 32469 | D:12     | Found a gate to the Vaults.
 32662 | D:12     | Found a staircase to the Depths.
 33239 | D:7      | Reached XP level 15. HP: 108/139 MP: 16/27
 33285 | D:5      | Bought a book of Unlife for 780 gold pieces
 33292 | D:5      | Learned a level 6 spell: Borgnjor's Vile Clutch
 33408 | Orc      | Entered the Orcish Mines
 33408 | Orc      | Found Rinon's Antique Weapon Shoppe.
 33620 | D:10     | Reached skill level 1 in Necromancy
 33729 | Orc      | Received a gift from Lugonu
 33730 | Orc      | Got a translucent plate armour {god gift}
 33759 | D:10     | Identified the +9 plate armour of Salvation {*Slow rElec
                  | rCorr Str+5} (Lugonu gifted it to you in the Orcish Mines)
 33863 | Orc      | Noticed an orc warlord
 34137 | D:10     | Reached skill level 9 in Spellcasting
 34170 | D:10     | Reached skill level 2 in Necromancy
 34472 | Orc      | Banished an orc warlord
 34482 | Orc      | Reached skill level 3 in Necromancy
 34517 | Orc      | Reached skill level 15 in Fighting
 34743 | Orc      | Found Bazxurex's Book Shop.
 34888 | Orc      | Found Masicus's Antique Armour Emporium.
 34888 | Orc      | Noticed Azrael
 34889 | Orc      | Banished Azrael
 34889 | Orc      | Reached skill level 4 in Necromancy
 34892 | Orc      | Found a staircase to the Elven Halls.
 34949 | Orc      | Found Nemil's General Store.
 35029 | Orc      | Reached skill level 5 in Necromancy
 35544 | Orc      | Found Datz's Magic Scroll Boutique.
 36469 | Orc      | Found a runed translucent gate.
 36469 | Orc      | Found a runed translucent gate.
 36470 | Orc      | Found a runed translucent gate.
 36470 | Orc      | Noticed Ratty's ghost (journeyman MiAc)
 36471 | Orc      | Identified the +1 leather armour of Boiling Hail {-Cast
                  | *Slow rElec rN++ MR+}
 36475 | Orc      | Found an iron altar of Okawaru.
 36644 | Orc      | Bought a scroll of teleportation for 39 gold pieces
 37001 | Snake:1  | Entered Level 1 of the Snake Pit
 37018 | Snake:1  | Reached skill level 6 in Necromancy
 37690 | Snake:1  | Learned a level 4 spell: Animate Dead
 37999 | Snake:1  | Noticed a nagaraja
 38008 | Snake:1  | Killed a nagaraja
 38008 | Snake:1  | Reached skill level 7 in Necromancy
 38009 | Snake:1  | Found Xum Qerr's Mayhem Merchandise.
 38397 | Lair:4   | HP: 21/141 [poisoned by a naga mage (splash of poison)]
 38402 | Lair:4   | HP: 18/141 [poisoned by a naga mage (splash of poison)]
 38407 | Lair:4   | HP: 15/141 [poisoned by a naga mage (splash of poison)]
 38412 | Lair:4   | HP: 14/141 [poisoned by a naga mage (splash of poison)]
 38417 | Lair:4   | HP: 14/141 [poisoned by a naga mage (splash of poison)]
 38424 | Lair:4   | HP: 14/141 [poisoned by a naga mage (splash of poison)]
 38432 | Lair:4   | HP: 15/141 [poisoned by a naga mage (splash of poison)]
 39280 | Snake:1  | Reached skill level 8 in Necromancy
 40158 | Snake:1  | Reached skill level 9 in Necromancy
 41068 | Snake:2  | Noticed a nagaraja
 41084 | Snake:2  | Killed a nagaraja
 41722 | Snake:2  | Found a hide-covered altar of Uskayaw.
 41744 | Snake:2  | Reached XP level 16. HP: 88/149 MP: 26/29
 42201 | Snake:2  | Reached skill level 10 in Necromancy
 42201 | Snake:2  | Reached skill level 12 in Earth Magic
 43264 | Snake:2  | Found Zatetef's Jewellery Emporium.
 45114 | Orc      | Bought a scroll of acquirement for 780 gold pieces
 45142 | Elf:1    | Entered Level 1 of the Elven Halls
 45699 | Elf:1    | Got a brightly glowing rapier
 45700 | Elf:1    | Identified the +7 rapier of Ambiguity {pierce, *Rage rN++
                  | Int+3} (You found it on level 1 of the Elven Halls)
 46001 | Elf:1    | Noticed Roxanne
 46014 | Elf:1    | Killed Roxanne
 46014 | Elf:1    | Reached skill level 13 in Earth Magic
 46045 | Elf:1    | Reached skill level 10 in Spellcasting
 46045 | Elf:1    | Reached skill level 11 in Necromancy
 46362 | Elf:1    | Received a gift from Lugonu
 46363 | Elf:1    | Got a pair of crude boots {god gift}
 46505 | Elf:1    | Identified the +0 pair of boots of Trumpets {-Cast rElec
                  | rPois Regen+} (Lugonu gifted it to you on level 1 of the
                  | Elven Halls)
 46541 | Elf:1    | Reached skill level 10 in Armour
 46766 | Elf:1    | Noticed Jorgrun
 46778 | Elf:1    | Killed Jorgrun
 46791 | Elf:1    | Reached skill level 11 in Armour
 47640 | Elf:2    | Reached skill level 14 in Earth Magic
 47648 | Elf:2    | Reached XP level 17. HP: 102/155 MP: 19/31
 47838 | Elf:2    | Learned a level 5 spell: Bolt of Magma
 47895 | Elf:2    | Cast into level 1 of the Abyss (a deep elf sorcerer)
 47964 | Abyss:1  | Reached skill level 1 in Fire Magic
 47974 | Elf:2    | Escaped the Abyss
 48013 | Elf:2    | Reached skill level 1 in Conjurations
 48019 | Elf:2    | Reached skill level 2 in Fire Magic
 48203 | Elf:2    | Reached skill level 3 in Fire Magic
 48224 | Elf:2    | Found a runed gate.
 48224 | Elf:2    | Found a runed gate.
 48225 | Elf:2    | Found a runed gate.
 48285 | Elf:2    | Reached skill level 2 in Conjurations
 48308 | Elf:2    | Reached skill level 4 in Fire Magic
 48804 | Elf:2    | Found Rerats's Gadget Shop.
 48974 | Elf:2    | Reached skill level 5 in Fire Magic
 49039 | Elf:2    | Reached skill level 3 in Conjurations
 49118 | Elf:2    | Reached skill level 15 in Earth Magic
 49229 | Elf:2    | Noticed a deep elf blademaster
 49238 | Elf:2    | Killed a deep elf blademaster
 49238 | Elf:2    | Reached skill level 6 in Fire Magic
 49719 | Elf:2    | Reached skill level 7 in Fire Magic
 49721 | Elf:2    | Reached skill level 4 in Conjurations
 50120 | Snake:3  | Entered Level 3 of the Snake Pit
 50120 | Snake:3  | Found Reuserph's Weapon Shoppe.
 50341 | Snake:3  | Got a translucent flail
 50342 | Snake:3  | Identified the cursed +1 flail "Zoonn" {freeze, rPois Str-4
                  | SInv Stlth+} (You found it on level 3 of the Snake Pit)
 50470 | Snake:3  | Found Ozirroaje's Antique Armour Emporium.
 50475 | Snake:3  | Reached skill level 5 in Conjurations
 50909 | Snake:3  | Found Egiffo's Distillery.
 50947 | Snake:3  | Reached XP level 18. HP: 88/163 MP: 6/32
 51498 | Snake:3  | Bought 2 potions of heal wounds for 100 gold pieces
 51498 | Snake:3  | Bought a potion of cancellation for 80 gold pieces
 51652 | Snake:3  | Found Lythrile's Book Shop.
 51675 | Snake:3  | Found the +3 crown of Dyrovepreva {rElec Int+2 SInv}
 51743 | Snake:3  | HP: 24/166 [poisoned by a nagaraja (poison arrow)]
 51749 | Snake:3  | HP: 21/166 [poisoned by a nagaraja (poison arrow)]
 51755 | Snake:3  | HP: 20/166 [poisoned by a nagaraja (poison arrow)]
 51760 | Snake:3  | HP: 19/166 [poisoned by a nagaraja (poison arrow)]
 51767 | Snake:3  | HP: 20/166 [poisoned by a nagaraja (poison arrow)]
 51775 | Snake:3  | HP: 21/166 [poisoned by a nagaraja (poison arrow)]
 52187 | Snake:3  | Reached skill level 11 in Spellcasting
 52276 | Snake:3  | Found Fugeax's Antique Armour Emporium.
 52418 | Snake:3  | Reached skill level 16 in Fighting
 52758 | Snake:3  | Received a gift from Lugonu
 53592 | Snake:3  | Reached skill level 12 in Spellcasting
 54557 | Snake:3  | Got a serpentine rune of Zot
 54956 | Lair:4   | Killed PainCeiling's ghost
 55034 | Lair:5   | Killed Ruewk's ghost
 55042 | Lair:5   | Reached skill level 12 in Armour
 55049 | Lair:5   | Reached skill level 17 in Fighting
 55049 | Lair:5   | Reached XP level 19. HP: 170/177 MP: 19/35
 55128 | Snake:3  | Bought a pair of brightly glowing boots for 304 gold pieces
 55128 | Snake:3  | Identified the +0 pair of boots of Compression {rN+++ MR-
                  | Str+7 Stlth+} (You bought it in a shop on level 3 of the
                  | Snake Pit)
 55455 | Vaults:1 | Entered Level 1 of the Vaults
 55548 | Vaults:1 | Reached skill level 13 in Armour
 56100 | Vaults:1 | Reached XP level 20. HP: 159/184 MP: 25/36
 56927 | Vaults:1 | Reached skill level 6 in Conjurations
 57023 | Vaults:1 | Noticed Donald
 57040 | Vaults:1 | Killed Donald
 57040 | Vaults:1 | Received a gift from Lugonu
 57043 | Vaults:1 | Reached skill level 16 in Earth Magic
 57058 | Vaults:1 | Reached skill level 13 in Spellcasting
 57165 | Vaults:1 | Reached ***** piety under Lugonu
 57183 | Vaults:1 | Reached skill level 7 in Dodging
 57484 | Vaults:1 | Found Ejimmo's Distillery.
 57546 | Vaults:1 | Received a gift from Lugonu
 58195 | Vaults:2 | Reached skill level 14 in Armour
 58200 | Vaults:2 | Identified a +0 pair of boots of running (Lugonu gifted it
                  | to you on level 2 of the Vaults)
 58200 | Vaults:2 | Received a gift from Lugonu
 58531 | Vaults:2 | Reached skill level 8 in Dodging
 59198 | Vaults:2 | Reached skill level 18 in Fighting
 59214 | Vaults:2 | Learned a level 6 spell: Steam Barrier
 59221 | Vaults:2 | Learned a level 6 spell: Iron Shot
 59744 | Vaults:2 | Found Xiymum's Jewellery Shop.
 59754 | Vaults:2 | Reached XP level 21. HP: 180/194 MP: 33/38
 60288 | Vaults:2 | Found a runed translucent door.
 60288 | Vaults:2 | Noticed Zonian's ghost (adept HOFi)
 60500 | Vaults:2 | Reached skill level 17 in Earth Magic
 60645 | Vaults:2 | Reached skill level 1 in Charms
 60701 | Vaults:2 | Found a staircase to the Crypt.
 61075 | Vaults:2 | Killed Zonian's ghost
 61075 | Vaults:2 | Reached skill level 3 in Charms
 61132 | Vaults:2 | Learned a level 1 spell: Infusion
 61446 | Vaults:1 | Learned a level 6 spell: Death Channel
 61665 | Elf:3    | Entered Level 3 of the Elven Halls
 61668 | Elf:3    | Noticed Bai Suzhen
 61699 | Elf:3    | Killed Bai Suzhen
 61699 | Elf:3    | Reached skill level 4 in Charms
 61948 | Elf:3    | Reached skill level 5 in Charms
 62036 | Elf:3    | Found Daepylol's Antique Armour Shop.
 62240 | Elf:3    | Reached skill level 6 in Charms
 62749 | Elf:3    | Reached skill level 7 in Charms
 62763 | Elf:3    | Reached skill level 8 in Fire Magic
 62825 | Elf:3    | Reached skill level 8 in Charms
 63010 | Elf:3    | Received a gift from Lugonu
 63196 | Elf:3    | Reached skill level 9 in Fire Magic
 63427 | Elf:3    | Identified the +8 short sword "Ody Sal" {pierce, rPois}
 63499 | Elf:3    | Found the +1 cloak of Starlight {rElec rC+ EV+4 Stlth--}
 63536 | Elf:3    | Found the ring of the Octopus King
 63540 | Elf:3    | Found the +0 pair of fencer's gloves {Riposte Dex+6}
 63564 | Elf:3    | Identified a ring of the Octopus King {Wiz AC+1 EV+1 Str+1
                  | Int+1 Dex+1}
 63579 | Elf:3    | Identified the cursed +0 falchion "Killer Klown's Foe"
                  | {flame, rN+ MR+ Int+7}
 63610 | Elf:3    | Reached XP level 22. HP: 202/202 MP: 39/39
 64159 | Shoals:1 | Entered Level 1 of the Shoals
 64256 | Shoals:1 | Reached skill level 10 in Fire Magic
 64449 | Shoals:1 | Noticed Frances
 64461 | Shoals:1 | Killed Frances
 64461 | Shoals:1 | Reached skill level 9 in Charms
 65156 | Shoals:2 | Reached skill level 14 in Spellcasting
 65233 | Shoals:2 | Reached XP level 23. HP: 182/209 MP: 33/41
 65864 | Shoals:3 | Entered Level 3 of the Shoals
 65898 | Shoals:3 | Identified the amulet "Tuimasai" {RegenMP rElec}
 66029 | Shoals:3 | Reached skill level 11 in Fire Magic
 66138 | Shoals:3 | Noticed Polyphemus
 66172 | Shoals:3 | Killed Polyphemus
 66175 | Shoals:3 | Reached skill level 10 in Charms
 66336 | Shoals:3 | Reached skill level 12 in Fire Magic
 66343 | Shoals:3 | Got a barnacled rune of Zot
 67026 | Shoals:3 | Received a gift from Lugonu
 67154 | Shoals:3 | Found the ring of Robustness {AC+8}
 68028 | Depths:1 | Entered Level 1 of the Depths
 68035 | Depths:1 | Identified the +2 pair of boots "Kim Etza" {Int+3} (Lugonu
                  | gifted it to you on level 1 of the Depths)
 68035 | Depths:1 | Received a gift from Lugonu
 68261 | Depths:1 | Found a one-way gate leading to the halls of Pandemonium.
 68278 | Depths:1 | Reached skill level 10 in Evocations
 68587 | Depths:1 | Reached skill level 9 in Invocations
 68932 | Depths:1 | Reached skill level 9 in Dodging
 69022 | Depths:1 | Identified the ring "Huhaal Nia" {rN+ MR+ AC+4 Dex-3}
 69057 | Depths:1 | Reached skill level 15 in Armour
 69057 | Depths:1 | Reached skill level 11 in Evocations
 69068 | Depths:1 | Identified the Grimoire of the Venomous Birds
 69103 | Depths:1 | Identified the Volume of Combat Magic
 69112 | Depths:1 | Identified the ring of Haehociwk {rC+ rN+ Str+4 Dex+2}
 69266 | Depths:1 | Found a gateway to Hell.
 69370 | Depths:1 | Found Kenn's Jewellery Shoppe.
 69371 | Depths:1 | Found Wiubejoe's Gadget Boutique.
 69372 | Depths:1 | Found Sisomoli's Jewellery Shoppe.
 69556 | Depths:1 | Identified the +1 robe "Kaemil" {rN+ Int+2}
 70143 | Snake:3  | Bought a book of Battle for 720 gold pieces
 70454 | Elf:2    | Learned a level 3 spell: Regeneration
 70457 | Elf:2    | Learned a level 2 spell: Song of Slaying
 70646 | Depths:2 | Reached XP level 24. HP: 211/216 MP: 41/41
 71037 | Depths:2 | Reached skill level 10 in Invocations
 71061 | Depths:2 | Learned a level 2 spell: Swiftness
 71068 | Depths:2 | Learned a level 6 spell: Deflect Missiles
 71097 | Depths:2 | Found a magical portal.
 71106 | WizLab   | Entered Doroklohe's Tomb
 71351 | WizLab   | Reached skill level 12 in Evocations
 71495 | WizLab   | Found the +5 robe of Night {Dark MR+ SInv}
 71595 | WizLab   | Reached skill level 1 in Air Magic
 71608 | WizLab   | Identified the cursed +0 ring mail of the Turtle {rC+ rCorr
                  | Int-4}
 71840 | WizLab   | Identified the +2 ring mail of Tuorutux {*Slow +Inv rPois
                  | Int-3}
 72614 | Depths:3 | Reached skill level 2 in Air Magic
 72795 | Depths:3 | Received a gift from Lugonu
 72822 | Depths:3 | Reached skill level 10 in Dodging
 73334 | Depths:3 | Reached skill level 16 in Armour
 73336 | Depths:3 | Reached skill level 3 in Air Magic
 73336 | Depths:3 | Received a gift from Lugonu
 73642 | Depths:3 | Found Waoth's Magic Scroll Emporium.
 73795 | Depths:3 | Reached skill level 13 in Evocations
 73915 | Depths:3 | Noticed a caustic shrike
 73915 | Depths:3 | Noticed a caustic shrike
 73930 | Depths:3 | Killed a caustic shrike
 73930 | Depths:3 | Reached skill level 4 in Air Magic
 73936 | Depths:3 | Killed a caustic shrike
 74359 | Depths:4 | Found a gateway to a ziggurat.
 74445 | Depths:4 | Found a one-way gate to the infinite horrors of the Abyss.
 74460 | Depths:4 | Received a gift from Lugonu
 74707 | Depths:4 | Reached skill level 5 in Air Magic
 74763 | Depths:4 | Noticed Sojobo
 74789 | Depths:4 | Killed Sojobo
 74789 | Depths:4 | Reached skill level 11 in Dodging
 75131 | Depths:4 | Reached skill level 6 in Air Magic
 75239 | Depths:4 | Noticed a golden dragon
 75254 | Depths:4 | Killed a golden dragon
 75267 | Depths:4 | Reached skill level 13 in Fire Magic
 75457 | Depths:4 | Noticed a golden dragon
 75457 | Depths:4 | Noticed a caustic shrike
 75459 | Depths:4 | a caustic shrike changed into a shadow dragon
 75473 | Depths:4 | Killed a golden dragon
 75473 | Depths:4 | Reached XP level 25. HP: 224/224 MP: 29/41
 75589 | Depths:4 | Reached skill level 14 in Fire Magic
 76091 | Depths:5 | Entered Level 5 of the Depths
 76196 | Depths:5 | Reached skill level 15 in Fire Magic
 76322 | Depths:5 | Noticed a golden dragon
 76325 | Depths:5 | Found a gate to the Realm of Zot.
 76342 | Depths:5 | Killed a golden dragon
 76342 | Depths:5 | Reached skill level 16 in Fire Magic
 76683 | Depths:5 | Noticed a golden dragon
 76717 | Depths:5 | Killed a golden dragon
 77629 | Depths:4 | Voluntarily entered the Abyss.
 77859 | Abyss:3  | Found a shimmering altar of Xom.
 77953 | Abyss:3  | Paralysed by accursed screaming for 2 turns
 77998 | Abyss:3  | Reached skill level 17 in Fire Magic
 78009 | Abyss:3  | Got an abyssal rune of Zot
 78019 | Depths:4 | Escaped the Abyss
 79019 | Snake:3  | Bought a potion of curing for 30 gold pieces
 79019 | Snake:3  | Bought a potion of cancellation for 80 gold pieces
 79019 | Snake:3  | Bought a potion of curing for 30 gold pieces
 79368 | Vaults:1 | Bought a potion of magic for 120 gold pieces
 79368 | Vaults:1 | Bought a potion of invisibility for 120 gold pieces
 79368 | Vaults:1 | Bought a potion of haste for 150 gold pieces
 79368 | Vaults:1 | Bought a potion of brilliance for 60 gold pieces
 79368 | Vaults:1 | Bought a potion of heal wounds for 75 gold pieces
 79368 | Vaults:1 | Bought a potion of curing for 45 gold pieces
 79541 | Depths:3 | Bought a scroll of acquirement for 1092 gold pieces
 79541 | Depths:3 | Bought a scroll of summoning for 199 gold pieces
 79541 | Depths:3 | Identified the amulet of Cabatz {Gourm Dex+4} (You acquired
                  | it on level 3 of the Depths)
 79768 | Elf:2    | Learned a level 8 spell: Ignition
 79776 | Elf:2    | Learned a level 6 spell: Steam Barrier
 80056 | Zot:1    | Entered Level 1 of the Realm of Zot
 80056 | Zot:1    | Noticed a golden dragon
 80077 | Zot:1    | Killed a golden dragon
 80207 | Zot:1    | Reached skill level 15 in Spellcasting
 80412 | Zot:1    | Received a gift from Lugonu
 80596 | Zot:2    | Reached skill level 18 in Fire Magic
 80669 | Zot:2    | Noticed an orb of fire
 80885 | Zot:2    | Gained mutation: You are dopey. (Int -2) [an orb of fire]
 80893 | Zot:2    | Gained mutation: You occasionally shout uncontrollably at
                  | your foes. [an orb of fire]
 80898 | Zot:2    | Gained mutation: Your body sometimes deteriorates upon
                  | taking damage. [an orb of fire]
 80902 | Zot:2    | Killed an orb of fire
 80902 | Zot:2    | Reached XP level 26. HP: 89/232 MP: 26/42
 81438 | Zot:3    | Noticed a golden dragon
 81450 | Zot:2    | Noticed a golden dragon
 81488 | Zot:2    | Killed a golden dragon
 82007 | Elf:2    | Bought a wand of digging (10) for 308 gold pieces
 82455 | Zot:3    | Killed a golden dragon
 82455 | Zot:3    | Reached skill level 19 in Fire Magic
 82460 | Zot:3    | Reached skill level 19 in Fighting
 82912 | Zot:3    | Found a runed translucent gate.
 82912 | Zot:3    | Found a runed translucent gate.
 82912 | Zot:3    | Found an ancient bone altar of Kikubaaqudgha.
 82912 | Zot:3    | Found a runed translucent gate.
 82912 | Zot:3    | Noticed an ancient lich
 82912 | Zot:3    | Noticed Uneer's ghost (legendary GnFE)
 82912 | Zot:3    | Noticed an ancient lich
 82912 | Zot:3    | Noticed an ancient lich
 82913 | Zot:3    | Noticed an ancient lich
 82917 | Zot:3    | Identified the +3 ring mail "Niashaf" {Stlth+}
 83757 | Zot:3    | Noticed a golden dragon
 84028 | Zot:3    | Identified the cursed +0 short sword "Osaqaf" {freeze,
                  | Int+4 Dex+2}
 84124 | Zot:3    | Reached skill level 20 in Fire Magic
 84134 | Zot:3    | Killed a golden dragon
 84134 | Zot:3    | Reached skill level 20 in Fighting
 84407 | Zot:3    | Killed an ancient lich
 84408 | Zot:3    | Killed an ancient lich
 84414 | Zot:3    | Killed an ancient lich
 84420 | Zot:3    | Killed an ancient lich
 84781 | Zot:3    | Corrupted Zot:3
 84785 | Zot:3    | Identified the cursed +0 pair of gloves of Dadaot {rN+
                  | Int+4}
 84788 | Zot:3    | Identified the ring of the Final Decision {rC+ Int+3 SInv}
 84858 | Zot:3    | Reached XP level 27. HP: 226/248 MP: 29/42
 85675 | Zot:4    | HP: 34/249 [??? (25)]
 85679 | Zot:4    | Reached skill level 21 in Fire Magic
 86048 | Zot:4    | Reached skill level 21 in Fighting
 86154 | Zot:5    | Entered Level 5 of the Realm of Zot
 87588 | Zot:5    | Noticed an orb of fire
 87595 | Zot:5    | Gained mutation: You are occasionally teleported next to
                  | monsters. [an orb of fire]
 87600 | Zot:5    | Gained mutation: You are sometimes teleported next to
                  | monsters. [an orb of fire]
 87611 | Zot:5    | Gained mutation: You are often teleported next to monsters.
                  | [an orb of fire]
 87612 | Zot:5    | Lost mutation: Your body sometimes deteriorates upon taking
                  | damage. [potion of mutation]
 87612 | Zot:5    | Lost mutation: You are dopey. (Int -2) [potion of mutation]
 87612 | Zot:5    | Lost mutation: You occasionally shout uncontrollably at
                  | your foes. [potion of mutation]
 87612 | Zot:5    | Gained mutation: Your muscles are strong. (Str +2) [potion
                  | of mutation]
 87612 | Zot:5    | Gained mutation: Your spells are a little easier to cast,
                  | but a little less powerful. [potion of mutation]
 87612 | Zot:5    | Lost mutation: Your spells are a little easier to cast, but
                  | a little less powerful. [potion of mutation]
 87613 | Zot:5    | Lost mutation: Your muscles are strong. (Str +2) [potion of
                  | mutation]
 87613 | Zot:5    | Gained mutation: Your body sometimes deteriorates upon
                  | taking damage. [potion of mutation]
 87613 | Zot:5    | Gained mutation: You are frail. (-10% HP) [potion of
                  | mutation]
 87613 | Zot:5    | Lost mutation: Your body sometimes deteriorates upon taking
                  | damage. [potion of mutation]
 87613 | Zot:5    | Gained mutation: You have supernaturally acute eyesight.
                  | (SInv) [potion of mutation]
 87614 | Zot:5    | Lost mutation: You are frail. (-10% HP) [potion of
                  | mutation]
 87614 | Zot:5    | Lost mutation: You have supernaturally acute eyesight.
                  | (SInv) [potion of mutation]
 87614 | Zot:5    | Lost mutation: You are often teleported next to monsters.
                  | [potion of mutation]
 87614 | Zot:5    | Lost mutation: You are sometimes teleported next to
                  | monsters. [potion of mutation]
 87614 | Zot:5    | Gained mutation: Your body sometimes deteriorates upon
                  | taking damage. [potion of mutation]
 87614 | Zot:5    | Gained mutation: Your movements are slightly less
                  | encumbered by armour. (ER -2) [potion of mutation]
 87614 | Zot:5    | Gained mutation: You do not regenerate when monsters are
                  | visible. [an orb of fire]
 87615 | Zot:5    | Gained mutation: You tend to lose your temper in combat.
                  | [an orb of fire]
 87638 | Zot:5    | Gained mutation: Your body often deteriorates upon taking
                  | damage. [an orb of fire]
 87639 | Zot:5    | Gained mutation: You are dopey. (Int -2) [an orb of fire]
 87648 | Zot:5    | Killed an orb of fire
 88049 | Vaults:1 | Bought a potion of mutation for 120 gold pieces
 88049 | Vaults:1 | Bought a potion of mutation for 120 gold pieces
 88049 | Vaults:1 | Lost mutation: Your movements are slightly less encumbered
                  | by armour. (ER -2) [potion of mutation]
 88049 | Vaults:1 | Lost mutation: You are dopey. (Int -2) [potion of mutation]
 88049 | Vaults:1 | Lost mutation: Your body often deteriorates upon taking
                  | damage. [potion of mutation]
 88049 | Vaults:1 | Gained mutation: You have a pair of small horns on your
                  | head. [potion of mutation]
 88049 | Vaults:1 | Lost mutation: You tend to lose your temper in combat.
                  | [potion of mutation]
 88049 | Vaults:1 | Lost mutation: Your body sometimes deteriorates upon taking
                  | damage. [potion of mutation]
 88049 | Vaults:1 | Gained mutation: You are agile. (Dex +2) [potion of
                  | mutation]
 88050 | Vaults:1 | Lost mutation: You are occasionally teleported next to
                  | monsters. [potion of mutation]
 88050 | Vaults:1 | Lost mutation: You are agile. (Dex +2) [potion of mutation]
 88050 | Vaults:1 | Gained mutation: Your mind is acute. (Int +2) [potion of
                  | mutation]
 88050 | Vaults:1 | Lost mutation: Your mind is acute. (Int +2) [potion of
                  | mutation]
 88050 | Vaults:1 | Gained mutation: Your body sometimes deteriorates upon
                  | taking damage. [potion of mutation]
 88050 | Vaults:1 | Gained mutation: You are somewhat resistant to further
                  | mutation. [potion of mutation]
 88256 | Zig:1    | Entered Level 1 of a ziggurat
 88257 | Zig:1    | Noticed Jacasene the pandemonium lord
 88270 | Zig:1    | Killed Jacasene the pandemonium lord
 88281 | Zig:1    | Learned a level 5 spell: Aura of Abjuration
 88335 | Zig:2    | Entered Level 2 of a ziggurat
 88379 | Zig:3    | Entered Level 3 of a ziggurat
 88401 | Zig:3    | Reached skill level 4 in Summonings
 88445 | Zig:4    | Entered Level 4 of a ziggurat
 88447 | Zig:4    | Noticed a golden dragon
 88475 | Zig:4    | Killed a golden dragon
 88623 | Zig:5    | Entered Level 5 of a ziggurat
 88646 | Zig:5    | Identified the +1 chain mail "Wiceol" {rN++} (Lugonu gifted
                  | it to you on level 5 of a ziggurat)
 88646 | Zig:5    | Received a gift from Lugonu
 88646 | Zig:5    | Reached skill level 17 in Armour
 88680 | Zig:6    | Entered Level 6 of a ziggurat
 88776 | Zig:7    | Entered Level 7 of a ziggurat
 88782 | Zig:7    | Noticed a Killer Klown
 88782 | Zig:7    | Noticed a Killer Klown
 88788 | Zig:7    | Reached skill level 5 in Summonings
 88788 | Zig:7    | Killed a Killer Klown
 88788 | Zig:7    | Reached skill level 12 in Dodging
 88791 | Zig:7    | Killed a Killer Klown
 88967 | Zig:8    | Entered Level 8 of a ziggurat
 88987 | Zig:8    | Reached skill level 16 in Spellcasting
 88992 | Zig:8    | Identified the +1 leather armour "Pona" {+Inv rElec rN+}
 88996 | Zig:8    | Identified the Disquisition on Scorching Changing
 89045 | Zig:9    | Entered Level 9 of a ziggurat
 89054 | Zig:9    | Reached skill level 6 in Summonings
 89058 | Zig:9    | Found the +2 robe of Vines {NoPotionHeal Regen+7}
 89122 | Zig:10   | Entered Level 10 of a ziggurat
 89131 | Zig:10   | Reached skill level 22 in Fighting
 89175 | Zig:10   | Identified the +0 leather armour of the Gloaming {rF-
                  | Regen+ Str-3 Int+5}
 89187 | Zig:10   | Identified the +3 scale mail "Ammongoq" {rF+ rN+ Stlth+}
 89208 | Zig:11   | Entered Level 11 of a ziggurat
 89691 | Zig:11   | Identified the Volume of Assistive Snow
 89699 | Zig:11   | Identified the +8 falchion of the Real Monster {flame,
                  | *Corrode Int+10}
 89701 | Zig:11   | Identified the +1 leather armour "Batelaom" {Int+2}
 89705 | Zig:11   | Reached skill level 23 in Fighting
 89706 | Zig:11   | Identified the Volume of Captivating Changing
 90024 | D:6      | Bought 2 potions of haste for 260 gold pieces
 90024 | D:6      | Bought a potion of mutation for 104 gold pieces
 90595 | Zot:5    | Gained mutation: Armour fits poorly on your strangely
                  | shaped body. [mutagenic glow]
 90648 | Zot:5    | Noticed a golden dragon
 90670 | Zot:5    | Killed a golden dragon
 90671 | Zot:5    | Noticed a golden dragon
 90682 | Zot:5    | Killed a golden dragon
 90694 | Zot:5    | Noticed an orb of fire
 90698 | Zot:5    | Gained mutation: You are clumsy. (Dex -2) [an orb of fire]
 90741 | Zot:5    | HP: 32/260 [orb of fire/fireball (18)]
 90748 | Zot:5    | Killed an orb of fire
 91473 | D:9      | Bought a potion of heal wounds for 175 gold pieces
 91862 | Zot:5    | Reached skill level 24 in Fighting
 91866 | Zot:5    | Noticed an orb of fire
 91885 | Zot:5    | Gained mutation: Your magical capacity is low. (-10% MP)
                  | [an orb of fire]
 91888 | Zot:5    | Noticed a Killer Klown
 91890 | Zot:5    | Noticed an orb of fire
 91996 | Zot:5    | Killed a Killer Klown
 92348 | Zot:5    | Noticed a Killer Klown
 92434 | Zot:5    | Gained mutation: You are weak. (Str -2) [an orb of fire]
 92434 | Zot:5    | Killed an orb of fire
 92520 | Zot:5    | Killed a Killer Klown
 92520 | Zot:5    | Reached skill level 14 in Evocations
 92594 | Zot:5    | Reached skill level 11 in Invocations
 92807 | Zot:5    | Noticed an orb of fire
 92837 | Zot:5    | Killed an orb of fire
 93112 | Zot:5    | Noticed an orb of fire
 93115 | Zot:5    | Noticed an ancient lich
 93116 | Zot:5    | Gained mutation: You are dopey. (Int -2) [an orb of fire]
 93118 | Zot:5    | Noticed an ancient lich
 93145 | Zot:5    | Noticed a golden dragon
 93192 | Zot:5    | Killed an orb of fire
 93453 | Zot:5    | Noticed an ancient lich
 93461 | Zot:5    | Killed an ancient lich
 93470 | Zot:5    | Killed an ancient lich
 93713 | Zot:5    | Noticed an ancient lich
 93728 | Zot:5    | Killed an ancient lich
 93728 | Zot:5    | Reached skill level 25 in Fighting
 93806 | Zot:5    | Killed an ancient lich
 93934 | Zot:5    | Corrupted Zot:5
 93945 | Zot:5    | Paralysed by the power of Zot for 3 turns
 93949 | Zot:5    | Noticed an orb of fire
 93965 | Zot:5    | Killed an orb of fire
 93982 | Zot:5    | Noticed an orb of fire
 93996 | Zot:5    | Killed an orb of fire
 94015 | Zot:5    | Received a gift from Lugonu
 94383 | Zot:5    | Reached skill level 26 in Fighting
 94493 | Zot:5    | Got the Orb of Zot
 94675 | Zot:2    | Lost mutation: You are somewhat resistant to further
                  | mutation. [potion of mutation]
 94675 | Zot:2    | Lost mutation: You are weak. (Str -2) [potion of mutation]
 94675 | Zot:2    | Lost mutation: You are dopey. (Int -2) [potion of mutation]
 94675 | Zot:2    | Lost mutation: Your magical capacity is low. (-10% MP)
                  | [potion of mutation]
 94675 | Zot:2    | Lost mutation: Armour fits poorly on your strangely shaped
                  | body. [potion of mutation]
 94675 | Zot:2    | Gained mutation: You are robust. (+10% HP) [potion of
                  | mutation]
 94903 | D:10     | Noticed Cosmey the pandemonium lord
 95060 | D:$      | Escaped with the Orb!

Skill      XL: |  1  2  3  4  5  6  7  8  9 10 11 12 13 14 15 16 17 18 19 20 21 22 23 24 25 26 27 |
---------------+----------------------------------------------------------------------------------+-----
Fighting       | 4 5 6 7 8 10 12 14 15 17 18 20 26 | 26.1
Maces & Flails | 4 5 7 8 9 10 12 13 14 | 14.1
Invocations    | 2 3 4 5 7 8 9 10 11 | 11.0
Armour         | 3 4 6 7 9 11 12 13 14 15 16 17 | 17.0
Spellcasting   | 1 4 5 6 8 9 10 12 13 14 15 16 | 16.0
Earth Magic    | 1 7 10 11 14 15 16 17 | 17.0
Evocations     | 6 7 9 11 13 14 | 14.0
Dodging        | 4 6 8 9 11 12 | 12.0
Transmutations | 2 |  2.0
Shields        | 5 6 |  6.0
Necromancy     | 9 11 | 11.0
Fire Magic     | 7 9 10 12 13 18 20 21 | 21.0
Conjurations   | 5 6 |  6.0
Charms         | 8 9 10 | 10.0
Air Magic      | 6 |  6.0
Summonings     | 6 |  6.0

Action                   |  1- 3 |  4- 6 |  7- 9 | 10-12 | 13-15 | 16-18 | 19-21 | 22-24 | 25-27 || total
-------------------------+-------+-------+-------+-------+-------+-------+-------+-------+-------++-------
Melee: Mace              |   106 |   224 |   395 |   427 |   662 |       |       |       |       ||  1814
       Flail             |       |       |    22 |   411 |  1222 |   162 |       |       |       ||  1817
       Demon whip        |       |       |       |       |       |   789 |   787 |  1148 |  1579 ||  4303
       Headbutt          |       |       |       |       |       |       |       |       |   136 ||   136
 Fire: Hunting sling     |       |       |    16 |       |       |       |       |       |       ||    16
Throw: Tomahawk          |       |       |       |     3 |    36 |       |       |       |       ||    39
       Throwing net      |       |       |       |       |       |       |       |       |     1 ||     1
 Cast: Sandblast         |       |       |     2 |    37 |   205 |    23 |     6 |    24 |       ||   297
       Lee's Rapid Decon |       |       |       |    20 |    62 |    11 |     2 |     1 |     5 ||   101
       Borgnjor's Vile C |       |       |       |       |     9 |   105 |   103 |   105 |   140 ||   462
       Animate Dead      |       |       |       |       |     6 |    17 |    16 |    14 |    16 ||    69
       Bolt of Magma     |       |       |       |       |       |    17 |    14 |    31 |     2 ||    64
       Iron Shot         |       |       |       |       |       |       |     9 |    42 |    78 ||   129
       Death Channel     |       |       |       |       |       |       |     1 |     1 |     6 ||     8
       Steam Barrier     |       |       |       |       |       |       |       |    13 |    14 ||    27
       Infusion          |       |       |       |       |       |       |       |     7 |     9 ||    16
       Song of Slaying   |       |       |       |       |       |       |       |     8 |    11 ||    19
       Regeneration      |       |       |       |       |       |       |       |    10 |    23 ||    33
       Deflect Missiles  |       |       |       |       |       |       |       |     1 |     2 ||     3
       Ignition          |       |       |       |       |       |       |       |       |    36 ||    36
       Passwall          |       |       |       |       |       |       |       |       |     9 ||     9
       Aura of Abjuratio |       |       |       |       |       |       |       |       |     2 ||     2
Invok: Depart the Abyss  |     1 |       |       |       |       |     1 |       |       |       ||     2
       Banish            |       |       |       |     5 |    10 |       |       |       |     1 ||    16
       Bend Space        |       |       |       |    17 |    16 |     2 |     3 |       |     2 ||    40
       Corrupt           |       |       |       |       |     1 |       |       |       |     2 ||     3
 Abil: Evoke Flight      |       |       |       |       |       |       |       |    10 |       ||    10
Evoke: Wand              |       |       |     5 |    10 |    19 |       |     4 |     5 |    36 ||    79
       Sack of spiders   |       |       |       |     1 |       |       |       |       |       ||     1
       Lamp of fire      |       |       |       |       |     3 |     1 |     3 |     4 |     2 ||    13
       Lightning rod     |       |       |       |       |       |       |     3 |     1 |     1 ||     5
       Box of beasts     |       |       |       |       |       |       |       |       |     9 ||     9
       Phantom mirror    |       |       |       |       |       |       |       |       |     1 ||     1
  Use: Scroll            |       |     5 |    12 |     8 |    15 |    10 |    11 |     7 |    21 ||    89
       Potion            |       |       |       |     1 |     5 |     2 |     3 |       |    50 ||    61
 Stab: Paralysed         |       |       |     3 |       |    18 |       |     3 |       |    11 ||    35
       Sleeping          |       |       |       |       |     1 |       |       |       |       ||     1
       Distracted        |       |       |       |       |       |     2 |     5 |     2 |    12 ||    21
       Petrified         |       |       |       |       |       |       |       |     3 |       ||     3
       Invisible         |       |       |       |       |       |       |       |       |     7 ||     7
  Eat: Chunk             |     7 |     9 |    10 |    28 |    44 |    45 |    45 |    62 |    55 ||   305
       Ration            |       |       |     5 |     5 |    16 |    13 |     5 |     7 |    26 ||    77
Armor: Leather armour    |     2 |       |       |       |       |       |       |       |       ||     2
       Ring mail         |    11 |       |       |       |       |       |       |       |       ||    11
       Scale mail        |    12 |    39 |    99 |   210 |       |       |       |       |       ||   360
       Chain mail        |       |    62 |    79 |   164 |   607 |       |       |       |       ||   912
       Plate armour      |       |       |       |       |   151 |   407 |   333 |   452 |   700 ||  2043
Dodge: Dodged            |    66 |   141 |   140 |   428 |   715 |   323 |   229 |   577 |   854 ||  3473
       Deflected         |       |       |       |       |       |       |     2 |     5 |   111 ||   118
Block: Buckler           |       |       |       |    91 |   609 |   263 |   190 |   382 |   420 ||  1955
       Reflection        |       |       |       |       |       |       |       |       |     3 ||     3
       Rpst.: Demon whip |       |       |       |       |       |       |       |   106 |   119 ||   225

Levels and vault maps discovered:
D:1:      matt_arrival_grand_opening, layout_basic
D:2:      kennysheep_six_static_rooms, layout_basic, st_stairs_1
D:3:      layout_loops_ring, first_ration, kennysheep_generic_room_11
D:4:      layout_gridville, gammafunk_temple_overflow_elements, temple_doors_cd,
          hex_tiny, minmay_crystal_room, hangedman_decor_peaks_small
D:5:      layout_basic, serial_shops, nicolae_shop_behind_doors,
          nicolae_ossuary_entry_catacombs, chequers_arboretum,
          palyth_stone_intersect, hangedman_decor_growths, minmay_liquid_box,
          chequers_serial_rivers_micro_e, uniq_edmund
D:6:      layout_basic, serial_shops, shop, minivault_5, uniq_grinder
D:7:      layout_basic, david_lair_shrubbed, serial_shops, shop, basic_altar,
          uniq_duvessa
D:8:      layout_loops_corners, uniq_psyche
D:9:      layout_grid_maze, serial_shops, shop
D:10:     layout_rooms, david_orc_1_choice, grunt_pizzeria,
          serial_park_tiny_pond, chequers_serial_rivers_large_a,
          elyvilon_altar_5
D:11:     layout_roguey, gammafunk_ghost_arena
D:12:     hangedman_depths_entry_civil_slaughter, layout_basic, david_vaults_1,
          special_room [special_room_orc], nicolae_tso_carved_into_rock,
          minmay_checkerbox
Lair:1:   layout_gridlike, st_stairs_6, lemuel_fruit_tree, lemuel_fruit_fields
Lair:2:   layout_misc_corridors, special_room [special_room_bee],
          chequers_serial_rivers_micro_a, serial_bayou_shore_a, uniq_harold,
          uniq_gastronok
Lair:3:   layout_roguey, basic_altar
Lair:4:   layout_loops_ring, minmay_shoals_entry_lonely_mermaid,
          minmay_snake_entry_guardpost_small, enter_volcano_4,
          gammafunk_ghost_grave, wad_woods_antlair, lemuel_fruit_fields
Lair:5:   layout_cave_pods, slime_altar_1, gammafunk_ghost_hydra_chop
Lair:6:   minmay_lair_end_enchanted_forest, layout_regular_city
Shoals:1: layout_shoals, nicolae_shoals_aquamancer_cove, uniq_frances
Shoals:2: layout_shoals
Shoals:3: shoals_end_grunt_ice, layout_shoals, uniq_polyphemus
Snake:1:  layout_grid_shapes, minmay_shop_mayhem, grunt_ministairs_7,
          corexii_hall_statues_l
Snake:2:  layout_chambers, basic_altar, st_stairs_7, minmay_shop_star
Snake:3:  grunt_snake_rune_pools, layout_onion, serial_shops, shop, shop, shop,
          nicolae_shop_window_shopping, shop_coins
Orc:      grunt_orc_gardens, layout_caves, grunt_orc_garden, grunt_orc_garden,
          grunt_orc_garden, grunt_orc_garden, serial_shops, shop,
          gammafunk_ghost_fury_of_okawaru, abandoned_shop, uniq_azrael
Elf:1:    layout_onion_city, hangedman_elf_disciples, minivault_14,
          uniq_roxanne, uniq_jorgrun
Elf:2:    layout_geoelf_octagon, serial_shops, shop
Elf:3:    elf_hall, layout_loops_ring, serial_shops,
          nicolae_shop_overgrown_old_shop, uniq_bai_suzhen
Vaults:1: nicolae_vaults_shelves_hall, st_octagons_2, v_misc_30,
          vaults_dpeg_encased_lava, nicolae_vaults_little_squares_2,
          vaults_room_semicircle, v_misc_12, grunt_vaults_diagonal,
          ontoclasm_vaults_ligature, vaults_room_grunt_arrival_ludios,
          layout_vaults_omnicross, serial_shops, shop, uniq_donald
Vaults:2: gammafunk_vaults_ghost_grave, vaults_mumra_minichess, v_misc_16,
          minmay_crypt_entry_skeletal_spiral, nicolae_vaults_mini_display_case,
          vaults_room_pools, v_alt_pattern_4, ontoclasm_vaults_hangar,
          v_alt_pattern_5, ontoclasm_vaults_decontamination, vaults_mumra_lcd,
          layout_vaults_quadrants, serial_shops, shop
Depths:1: minmay_the_grid_square_5x5_4x4
          [minmay_the_grid_square_5x5_half_checkered,
          minmay_the_grid_square_5x5_two_small,
          minmay_the_grid_square_5x5_misaligned,
          minmay_the_grid_square_5x5_bracketed,
          minmay_the_grid_square_5x5_intrusive_squares,
          minmay_the_grid_square_5x5_prize_snowflake,
          minmay_the_grid_square_5x5_prize_pseudospiral,
          minmay_the_grid_square_5x5_minimal,
          minmay_the_grid_square_5x5_three_small,
          minmay_the_grid_square_5x5_prize_monsterx,
          minmay_the_grid_square_5x5_prize_itemx,
          minmay_the_grid_square_5x5_six,
          minmay_the_grid_square_5x5_broken_cross,
          minmay_the_grid_square_5x5_comb,
          minmay_the_grid_square_5x5_beaten_path,
          minmay_the_grid_square_5x5_one_wall], layout_cave_pools, pan_entry,
          hangedman_decor_clover_reticule, hell_entry, minmay_evil_grid,
          minmay_shop_grove
Depths:2: minmay_shoctagon, layout_cave_pools, serial_sigils,
          serial_sigils_hangedman_scar, serial_sigils_hangedman_scratch,
          serial_sigils_hangedman_snap, serial_sigils_hangedman_stare,
          hell_entry, minmay_misc_feat_columns, mu_enter_wizlab_6,
          lemuel_old_faithful
Depths:3: minmay_sliced_demisemicircle, layout_gridville, minmay_crystal_water,
          serial_shops, kennysheep_mini, rand_demon_pan_entry_5, special_room
          [special_room_mythical_zoo], hell_entry,
          minmay_staircase_statues_hall_large, grunt_megastairs_5, firewood_loft
Depths:4: hangedman_stitches_corridor, layout_gridlike, enter_ziggurat_e,
          grunt_mini_vestibule, abyss_entry, minmay_strange_pillars, uniq_sojobo
Depths:5: grunt_zot_entry_funnels, layout_basic, grunt_hell_entry_dis_old,
          minmay_misc_feat_more_columns, lemuel_flamethrower_1
Zot:1:    nicolae_moth_party, layout_twisted_circle, grunt_ministairs_10,
          guppyfry_library_mini
Zot:2:    layout_onion_interference
Zot:3:    regret_index_qazlal_generations, layout_twisted_circle,
          gammafunk_ghost_crypt, evilmike_ambush [evilmike_ambush_outer_basic,
          evilmike_ambush_inner_wall_2]
Zot:4:    layout_misc_corridors, lemuel_baited_zot_trap, lemuel_lake_of_fire
Zot:5:    layout_twisted_circle

Table legend:
 A = Turns spent in this place as a percentage of turns spent in the entire game.
 B = Non-inter-level travel turns spent in this place as a percentage of non-inter-level travel turns spent in the entire game.
 C = Inter-level travel turns spent in this place as a percentage of turns spent in this place.
 D = Turns resting spent in this place as a percentage of non-inter-level travel turns spent in this place.
 E = Turns spent auto-exploring this place as a percentage of non-inter-level travel turns spent in this place.
 F = Non-inter-level travel turns spent in this place divided by the number of levels of this place that you've seen.
                   A       B       C       D       E      F
               +-------+-------+-------+-------+-------+----------------------
         Total | 100.0 | 100.0 |  10.4 |  34.1 |  41.2 | 1494.8
       Dungeon |  24.0 |  22.0 |  17.8 |  21.5 |  57.9 | 1561.8
          Lair |  17.6 |  18.0 |   8.2 |  39.8 |  41.6 | 2561.0
        Shoals |   3.6 |   3.9 |   3.8 |  20.7 |  53.5 | 1108.0
     Snake Pit |  12.4 |  13.3 |   4.0 |  50.0 |  31.8 | 3778.0
  Orcish Mines |   3.1 |   3.1 |  11.8 |  42.6 |  31.9 | 2619.0
   Elven Halls |   7.3 |   7.5 |   7.9 |  22.7 |  51.3 | 2117.3
        Vaults |   6.7 |   6.9 |   6.9 |  13.6 |  60.3 | 2956.5
        Depths |  10.4 |   9.2 |  21.1 |  17.4 |  54.8 | 1562.2
           Zot |  11.6 |  12.5 |   3.5 |  62.4 |   4.3 | 2128.0
         Abyss |   0.5 |   0.6 |   0.0 |   6.0 |   0.0 | 117.2
      Ziggurat |   1.6 |   1.7 |   0.0 |  54.4 |   2.4 | 134.1
       Ossuary |   0.3 |   0.3 |   0.0 |  27.5 |   0.0 | 269.0
        Wizlab |   0.9 |   1.0 |   0.0 |  34.6 |   5.7 | 892.0
               +-------+-------+-------+-------+-------+----------------------

Table legend:
 A = Kills in this place as a percentage of kills in entire the game.
 B = Kills by you in this place as a percentage of kills by you in the entire game.
 C = Kills by friends in this place as a percentage of kills by friends in the entire game.
 D = Other kills in this place as a percentage of other kills in the entire game.
 E = Experience gained in this place as a percentage of experience gained in the entire game.
 F = Experience gained in this place divided by the number of levels of this place that you have seen.
                   A       B       C       D       E      F
               +-------+-------+-------+-------+-------+----------------------
         Total | 100.0 | 100.0 | 100.0 | 100.0 | 100.0 | 24779.0
       Dungeon |  18.7 |  19.7 |   0.0 |  17.4 |   3.1 | 3658.2
          Lair |  11.4 |  11.8 |   0.0 |  26.1 |   3.8 | 9017.2
        Shoals |   6.4 |   6.4 |   7.7 |   0.0 |   4.9 | 23297.7
     Snake Pit |   9.8 |   9.2 |  23.1 |   4.3 |   8.0 | 37697.3
  Orcish Mines |   3.7 |   3.8 |   0.0 |  13.0 |   0.8 | 11288.0
   Elven Halls |   8.2 |   8.6 |   1.1 |   4.3 |   9.8 | 46057.0
        Vaults |  10.6 |  10.0 |  25.3 |   0.0 |   9.5 | 67265.0
        Depths |  12.9 |  12.2 |  28.6 |   0.0 |  19.2 | 54171.8
           Zot |   9.1 |   8.7 |  13.2 |  21.7 |  30.7 | 86679.2
         Abyss |   1.9 |   2.0 |   1.1 |   0.0 |   1.6 | 5621.2
      Ziggurat |   5.3 |   5.5 |   0.0 |   8.7 |   7.6 | 9713.9
       Ossuary |   1.1 |   1.1 |   0.0 |   4.3 |   0.0 | 153.0
        Wizlab |   0.9 |   1.0 |   0.0 |   0.0 |   1.0 | 13682.0
               +-------+-------+-------+-------+-------+----------------------
